 Dungeon Crawl Stone Soup version 0.32-a0-614-gd166fa89d2 (webtiles) character file.

Game seed: 17270204612544903211

1493 Dirtsage the Martial Artist (level 8, -15/59 HPs)
             Began as a Demonspawn Monk on Mar 5, 2024.
             Was a Priest of Wu Jian.
             Killed from afar by a gargoyle (25 damage)
             ... with a stone arrow
             ... on level 6 of the Dungeon.
             The game lasted 00:07:24 (5418 turns).

Dirtsage the Martial Artist (Demonspawn Monk)       Turns: 5418, Time: 00:07:25

Health: -15/59     AC: 10    Str: 15    XL:     8   Next: 51%
Magic:  8/8        EV: 15    Int: 10    God:    Wu Jian [***...]
Gold:   360        SH:  0    Dex: 15    Spells: 7/7 levels left

rFire   . .          .
                       - Unarmed
rCold   . . .        (no shield)
rNeg    . . .        g - +0 scale mail
rPois   .            (helmet restricted)
rElec   .            D - +0 cloak
rCorr   .            h - +0 pair of gloves
SInv    .            z - +0 pair of boots
Will    +....        (no amulet) Stlth
                     d - ring of willpower
HPRegen 0.29/turn    f - +5 ring of evasion
MPRegen 0.11/turn

%: no passive effects
@: wreathed by umbra
A: antennae 2, rugged brown scales 1, foul shadow 2
a: Renounce Religion, Wall Jump, Serpent's Lash


You were on level 6 of the Dungeon.
You worshipped Wu Jian.
Wu Jian was most pleased with you.
You visited 2 branches of the dungeon, and saw 7 of its levels.
You also visited: Sewer.

You collected 360 gold pieces.

Inventory:

Hand Weapons
 y - the +12 dagger "Uxtom" {vamp, rPois rC+ Will- Int+6}
   (You found it on level 4 of the Dungeon)

   Int+6:     It affects your intelligence (+6).
   rC+:       It protects you from cold.
   rPois:     It protects you from poison.
   Will-:     It decreases your willpower.
Missiles
 i - 6 curare-tipped darts (quivered)
Armour
 a - a +0 robe
 g - a +0 scale mail (worn)
 h - a +0 pair of gloves (worn)
 z - a +0 pair of boots (worn)
 D - a +0 cloak (worn)
Jewellery
 d - a ring of willpower (left hand)
 f - a +5 ring of evasion (right hand)
Wands
 j - a wand of mindburst (20)
Scrolls
 k - 4 scrolls of vulnerability {unknown}
 l - 2 scrolls of enchant weapon {unknown}
 m - 9 scrolls of identify {unknown}
 p - 3 scrolls of noise {unknown}
 r - a scroll of amnesia {unknown}
 t - a scroll of fog {unknown}
 u - 4 scrolls of teleportation {unknown}
 v - 4 scrolls of revelation {unknown}
 w - a scroll of silence {unknown}
 x - a scroll of enchant armour {unknown}
 A - a scroll of blinking {unknown}
 E - a scroll of immolation {unknown}
Potions
 b - 2 potions of ambrosia
 e - a potion of magic {unknown}
 n - a potion of brilliance {unknown}
 o - a potion of heal wounds {unknown}
 q - 5 potions of curing
 s - a potion of resistance {unknown}
 B - a potion of haste {unknown}
 C - a potion of lignification {unknown}


   Skills:
 - Level 3.0 Fighting
 - Level 2.6 Dodging
 + Level 10.2 Unarmed Combat


You had 7 spell levels left.
You didn't know any spells.
Your spell library contained the following spells:

 Spells                   Type           Power      Damage    Failure   Level
 Slow                     Hex            0%         N/A       85%         1
 Confusing Touch          Hex            0%         N/A       99%         3
 Sigil of Binding         Hex            0%         N/A       99%         3
 Vampiric Draining        Necr           0%         2d6       99%         3


Dungeon Overview and Level Annotations

Branches:
Dungeon (6/15)             Temple (1/1) D:4           Sewer (visited)

Altars:
Ashenzari
Cheibriados
Dithmenos
Fedhas
Gozag
Hepliaklqana
Nemelex Xobeh
Okawaru
Ru
Sif Muna
Trog
Uskayaw
Wu Jian
Xom
Yredelemnul


Innate Abilities, Weirdness & Mutations

You have a pair of antennae on your head.
You are partially covered in rugged brown scales. (AC +1, +3% HP)
You are shadowed, sometimes releasing foul flame when damaged in melee.


Message History

There is a shimmering blue altar of Sif Muna here.
There is an open door here.
There is a large open door here.
There is a large open door here.
There is an open door here.
A gargoyle comes into view. It is wielding a +0 flail.
A gargoyle is nearby!
A gargoyle is nearby!
The gargoyle hurls a stone arrow at you.
The stone arrow misses you.
You hit the gargoyle.
The gargoyle is lightly damaged.
You barely miss the gargoyle.
You punch the gargoyle, but do no damage.
The gargoyle is lightly damaged.
The gargoyle barely misses you.
You hit the gargoyle.
The gargoyle is lightly damaged.
The gargoyle hurls a stone arrow at you.
The stone arrow hits you!
You take 12 damage, and have 47/59 hp.
MASSIVE DAMAGE!!
You closely miss the gargoyle.
The gargoyle is lightly damaged.
The gargoyle hurls a stone arrow at you.
The stone arrow hits you!!
You take 26 damage, and have 21/59 hp.
MASSIVE DAMAGE!!
You are too injured to fight recklessly!
You are too injured to fight recklessly!
You hit the gargoyle.
The gargoyle is moderately damaged.
The gargoyle hits you with a +0 flail!
* * * LOW HITPOINT WARNING * * *
You take 11 damage, and have 10/59 hp.
You barely miss the gargoyle.
The gargoyle is moderately damaged.
You punch the gargoyle!
The gargoyle is heavily damaged.
The gargoyle hurls a stone arrow at you.
The stone arrow hits you!!
You die...

..# #.#.#.# ..#
#.....#
..###.#.#.### #####
..'................
..#############...##
..# #....[# ..#
#.#.#.# '## ##..9..#
.# #..#@#.# .#
#......# .#
###.##.### .#
#.......# .#
#.#.#.#.# .#
##.......# .#
#..#.#.#.# .#
#........## .#
#..#.#.#..#


You could see a gargoyle.

Vanquished Creatures
  A steam dragon (D:6)
  A water moccasin (D:4)
  Pargi (Sewer)
  An ogre (D:5)
  A kobold brigand (Sewer)
  A brain worm (Sewer)
  A scorpion (D:5)
  Blork the orc (D:6)
  A howler monkey (D:6)
  6 bombardier beetles
  A jelly (D:5)
  2 hounds (D:5)
  2 orc priests
  Crazy Yiuf (D:5)
  4 iguanas
  2 sleepcaps
  Jessica (D:3)
  8 adders
  3 gnolls (D:5)
  A white imp (D:6)
  2 ufetubi (D:6)
  2 ribbon worms (D:2)
  4 dart slugs
  6 orcs
  5 ball pythons
  7 endoplasms
  3 giant cockroaches
  11 goblins
  7 hobgoblins
  4 jackals (D:1)
  16 kobolds
  6 quokkas
  4 bats
  A frilled lizard (D:1)
  5 rats
123 creatures vanquished.

Notes
Turn   | Place    | Note
-------+----------+-------------------------------------------
     0 | D:1      | Dirtsage the Demonspawn Monk began the quest for the Orb.
     0 | D:1      | Reached XP level 1. HP: 18/18 MP: 1/1
    40 | D:1      | Reached skill level 3 in Unarmed Combat
   199 | D:1      | Gained mutation: You have a pair of small antennae on your
                  | head. [demonic ancestry]
   199 | D:1      | Reached XP level 2. HP: 24/24 MP: 2/2
   543 | D:1      | Gained mutation: You are faintly shadowed, very rarely
                  | releasing foul flame when damaged in melee. [demonic
                  | ancestry]
   543 | D:1      | Reached XP level 3. HP: 24/29 MP: 3/3
   728 | D:1      | Reached skill level 4 in Unarmed Combat
  1442 | D:2      | Gained mutation: You have a pair of antennae on your head.
                  | [demonic ancestry]
  1442 | D:2      | Reached XP level 4. HP: 35/35 MP: 4/4
  1748 | D:2      | Found a faded altar of an unknown god.
  2132 | D:3      | Noticed Jessica
  2138 | D:3      | Killed Jessica
  2139 | D:3      | Reached skill level 5 in Unarmed Combat
  2270 | D:4      | Identified the +12 dagger "Uxtom" {vamp, rPois rC+ Will-
                  | Int+6}
  2352 | D:4      | Gained mutation: You are partially covered in rugged brown
                  | scales. (AC +1, +3% HP) [demonic ancestry]
  2352 | D:4      | Reached XP level 5. HP: 21/42 MP: 5/5
  2389 | D:4      | Noticed a water moccasin
  2397 | D:4      | Killed a water moccasin
  2398 | D:4      | Reached skill level 6 in Unarmed Combat
  2494 | D:4      | Found a staircase to the Ecumenical Temple.
  2519 | D:4      | Gained mutation: You are shadowed, sometimes releasing foul
                  | flame when damaged in melee. [demonic ancestry]
  2519 | D:4      | Reached XP level 6. HP: 48/48 MP: 6/6
  2521 | D:4      | Identified the +7 quarterstaff of the Penguin {heavy, *Slow
                  | rElec Str+9}
  2527 | Temple   | Entered the Ecumenical Temple
  2540 | Temple   | Became a worshipper of the Wu Jian Council
  2540 | Temple   | Reached * piety under Wu Jian
  2540 | Temple   | Reached ** piety under Wu Jian
  2724 | D:4      | Found a snail-covered altar of Cheibriados.
  2791 | D:4      | Identified the flux talisman "Nosuy" {rF++ Str+3 Int-2
                  | SInv}
  3150 | D:5      | Entered Level 5 of the Dungeon
  3199 | D:5      | Reached skill level 7 in Unarmed Combat
  3362 | D:5      | Reached XP level 7. HP: 44/53 MP: 7/7
  3636 | D:5      | Reached skill level 8 in Unarmed Combat
  4148 | D:5      | Found a runed translucent door.
  4149 | D:5      | Noticed Crazy Yiuf
  4156 | D:5      | Killed Crazy Yiuf
  4376 | D:6      | Noticed a steam dragon
  4386 | D:6      | Reached skill level 9 in Unarmed Combat
  4386 | D:6      | Reached XP level 8. HP: 40/59 MP: 8/8
  4413 | D:6      | Found a glowing drain.
  4429 | Sewer    | Entered a sewer
  4576 | Sewer    | Noticed Pargi
  4585 | Sewer    | Killed Pargi
  4759 | D:6      | Found a broken altar of Ashenzari.
  4777 | D:6      | Noticed Blork the orc
  4795 | D:6      | Killed Blork the orc
  4796 | D:6      | Reached skill level 10 in Unarmed Combat
  4799 | D:6      | Reached *** piety under Wu Jian
  5295 | D:6      | Found a shimmering blue altar of Sif Muna.
  5408 | D:6      | Noticed a gargoyle
  5418 | D:6      | Killed from afar by a gargoyle

Illustrated notes

Levels and vault maps discovered:
D:1:      minmay_arrival_stair_chambers, layout_basic
D:2:      layout_loops_ring, hellmonk_ecumenical_altar_inner_sanctum
D:3:      layout_rooms, lemuel_round_altar, minmay_misc_feat_encased,
          kennysheep_jessica_study
D:4:      layout_loops_ring, mainiacjoe_overflow_paths,
          minmay_temple_entry_ruins
D:5:      layout_gridville, uniq_crazy_yiuf_cottage
D:6:      layout_basic, led_sif_book, cheibrodos_ashenzari_chains, serial_glass,
          glass_columns_a, glass_columns_a, glass_columns_b, glass_columns_b,
          glass_columns_a, glass_columns_b, glass_columns_b, glass_columns_c,
          glass_columns_a, glass_columns_c, glass_columns_a, glass_columns_c,
          glass_columns_c, glass_columns_b, portal_sewer_entry_d,
          uniq_blork_the_orc
Temple:   zaba_magenta_temple

Skill      XL: |  1  2  3  4  5  6  7  8 |
---------------+-------------------------+-----
Unarmed Combat | 3 4 5 6 7 9 10 | 10.2
Fighting       | |  3.0
Dodging        | |  2.6

Action                     |  1- 3 |  4- 6 |  7- 9 || total
---------------------------+-------+-------+-------++-------
  Melee: Unarmed           |   134 |    38 |   162 ||   334
         Dagger            |       |    88 |    23 ||   111
         Punch             |       |       |     1 ||     1
Ability: Lunge             |       |     7 |     9 ||    16
         Whirlwind         |       |       |    26 ||    26
    Use: Potion            |       |       |     1 ||     1
 Armour: Robe              |    16 |       |       ||    16
         Scale mail        |    34 |    43 |    69 ||   146
  Dodge: Dodged            |    94 |    59 |   101 ||   254

Table legend: (Time is in decaauts)
 A = Elapsed time spent in this place.
 B = Non-inter-level travel time spent in this place.
 C = Inter-level travel time spent in this place.
 D = Time resting spent in this place.
 E = Time spent auto-exploring this place.
 F = Levels seen in this place.
 G = Mean time per level.
                   A        B        C        D        E       F      G
               +--------+--------+--------+--------+--------+-----+--------+
         Total |   5393 |   5262 |    131 |      0 |   4353 |   8 |  674.1 |
       Dungeon |   5138 |   5031 |    107 |      0 |   4205 |   6 |  856.3 |
        Temple |     26 |      2 |     24 |      0 |      0 |   1 |   26.0 |
         Sewer |    229 |    229 |      0 |      0 |    148 |   1 |  229.0 |
               +--------+--------+--------+--------+--------+-----+--------+

Top non-repeatable levels by time:
     D:5: 1152 daAuts
     D:1: 1090 daAuts
     D:4: 887 daAuts
     D:6: 877 daAuts
     D:2: 681 daAuts
     D:3: 448 daAuts
   Sewer: 229 daAuts
  Temple: 26 daAuts
